 Dungeon Crawl Stone Soup version 0.30-a0-702-gdf48620a09 (webtiles) character file.

Game seed: 11957532470365275947

3962 Leeroy the Carver (level 10, -4/53 HPs)
             Began as a Tengu Warper on Jan 21, 2023.
             Was a Priest of Uskayaw.
             Killed from afar by Erica (20 damage)
             ... with a bolt of poison
             ... on level 8 of the Dungeon.
             The game lasted 00:19:24 (8332 turns).

Leeroy the Carver (Tengu Warper)                    Turns: 8332, Time: 00:19:25

Health: -4/53      AC:  9    Str: 11    XL:     10   Next: 22%
Magic:  4/14       EV: 18    Int: 13    God:    Uskayaw [***...]
Gold:   421        SH:  0    Dex: 19    Spells: 4/13 levels left

rFire   x . .      SeeInvis .    c - +2 dagger (venom)
rCold   + . .      Faith    .    (no shield)
rNeg    . . .      Spirit   .    N - +0 acid dragon scales
rPois   .          Reflect  .    (helmet restricted)
rElec   .          Harm     .    t - +2 cloak
rCorr   +          Rampage  .    (no gloves)
Will    .....                    (boots unavailable)
Stlth   +                        (no amulet)
HPRegen 0.28/turn                f - ring of ice
MPRegen 0.14/turn                (no ring)

@: lethally poisoned (-4 -> -14), flying quickly and evasively, slowed, very
slow
A: beak, talons 3, nimble flight
a: Renounce Religion, Stomp, Line Pass


You were on level 8 of the Dungeon.
You worshipped Uskayaw.
Uskayaw was noncommittal.
You visited 1 branch of the dungeon, and saw 8 of its levels.

You collected 421 gold pieces.

Inventory:

Hand Weapons
 a - a +0 falchion
 c - a +2 dagger of venom (weapon)
 n - a +0 long sword
 s - a +4 quarterstaff of chaos
 z - a +0 spear
Missiles
 d - 4 boomerangs of dispersal (quivered)
 D - 9 boomerangs
 E - a throwing net
 K - a silver boomerang
Armour
 b - a +0 leather armour
 i - a +0 ring mail
 j - a +0 kite shield
 t - a +2 cloak (worn)
 N - +0 acid dragon scales (worn)
Jewellery
 f - a ring of ice (left hand)
Wands
 M - a wand of quicksilver (13)
Scrolls
 g - a scroll of poison
 k - a scroll of fog {unknown}
 o - a scroll of amnesia {unknown}
 p - 6 scrolls of teleportation
 q - 2 scrolls of immolation {unknown}
 u - 2 scrolls of torment {unknown}
 v - a scroll of enchant armour {unknown}
 x - 3 scrolls of identify
 y - 2 scrolls of brand weapon {unknown}
 A - 2 scrolls of enchant weapon {unknown}
 C - 2 scrolls of magic mapping {unknown}
 G - a scroll of summoning {unknown}
 H - a scroll of acquirement {unknown}
 I - 3 scrolls of fear {unknown}
 J - a scroll of noise {unknown}
Potions
 e - 2 potions of invisibility {unknown}
 h - 4 potions of curing
 l - a potion of heal wounds {unknown}
 m - 5 potions of mutation {unknown}
 r - a potion of resistance {unknown}
 w - 4 potions of haste {unknown}
 B - a potion of lignification {unknown}
 F - 2 potions of might {unknown}
 L - a potion of berserk rage {unknown}


   Skills:
 - Level 2.0 Fighting
 - Level 11.1 Long Blades
 - Level 1.0 Throwing
 - Level 1.1 Armour
 - Level 7.1 Dodging
 - Level 2.0 Spellcasting
 + Level 5.8 Translocations
 - Level 7.1 Air Magic


You had 4 spell levels left.
You knew the following spells:

 Your Spells              Type           Power      Damage    Failure   Level
a - Blink                 Tloc           32%        N/A       5%          2
b - Vhi's Electric Charg  Tloc/Air       36%        N/A       9%          3
c - Manifold Assault      Tloc           16%        N/A       34%         4

Your spell library contained the following spells:

 Spells                   Type           Power      Damage    Failure   Level
 Lesser Beckoning         Tloc           32%        N/A       5%          2
 Teleport Other           Tloc           16%        N/A       11%         3
 Anguish                  Hex/Necr       0%         N/A       98%         4
 Iskenderun's Battlesphe  Conj           1%         2d6       100%        5
 Iron Shot                Conj/Erth      0%         9d1       100%        6
 Enfeeble                 Hex            0%         N/A       100%        7
 Malign Gateway           Summ/Tloc      4%         N/A       100%        7
 Spellforged Servitor     Conj/Summ      0%         N/A       100%        7
 Disjunction              Tloc           8%         N/A       100%        8


Dungeon Overview and Level Annotations

Branches:
Dungeon (8/15)             Temple (0/1) D:5
   Lair: D:8-11

Altars:
Elyvilon
Hepliaklqana
Kikubaaqudgha
Qazlal
Sif Muna
Trog
Uskayaw
Vehumet
The Shining One

Shops:
D:4 [

Annotations:
D:8 Erica


Innate Abilities, Weirdness & Mutations

You have a beak for a mouth.
You have claws for feet.
Your magical nature lets you fly swiftly and evasively.


Message History

You hit Erica but do no damage. You claw Erica! Your peck misses Erica.
Erica is lightly wounded.
Something closely misses you. The bullfrog barely misses you.
Uskayaw will force your foes to helplessly watch your dance.
You barely miss Erica.
Erica is lightly wounded.
You kill the bullfrog!
Erica points at you and mumbles some strange words.
You feel yourself slow down.
You hit Erica.
Erica looks even sicker.
Your kick misses Erica.
Erica is lightly wounded.
Something hits you but does no damage. Erica misses you.
You hit Erica but do no damage.
Erica looks as sick as possible!
You claw Erica, but do no damage.
Erica is lightly wounded.
Something hits you! Erica barely misses you.
You closely miss Erica. You claw Erica. You peck Erica, but do no damage.
Erica is lightly wounded.
Something barely misses you. Erica casts a spell at you.
The bolt of poison hits you!
You are poisoned.
* * * LOW HITPOINT WARNING * * *
Okay, then.
You feel better. Something hits you but does no damage.
Erica hits you but does no damage. Something closely misses you.
Your magical contamination has completely faded away.
You hit Erica.
Erica looks as sick as possible!
You peck Erica, but do no damage.
Erica is moderately wounded.
Something completely misses you.
Erica hits you with a +0 scimitar of flaming.
* * * LOW HITPOINT WARNING * * *
Erica burns you.
* * * LOW HITPOINT WARNING * * *
You feel better. Something hits you. Erica gestures at you while chanting.
The bolt of poison hits you!!
You are poisoned.
You die...

.#..... .@......# .....
.......#####.......# .....
...................# ....
...................# ....
............)......########
.........###).............#
.........)).#.............#
..........@...............#
..........@...####........#
..............##..........#
............#.##..........#
....#.................)...#
...####....................
... #.........##.........
#.........#######....
..:........ #...) #....


You could see Erica (extremely poisoned).

Vanquished Creatures
  Pikel (D:3)
  Maggie (D:8)
  A hornet (D:8)
  Menkaure (D:6)
  2 water moccasins (D:6)
  A black bear (D:6)
  2 ice beasts
  2 ogres
  A centaur (D:8)
  3 phantoms (D:4)
  5 bullfrogs
  2 scorpions
  A gnoll sergeant (D:8)
  4 necrophages
  3 wights (D:4)
  A howler monkey (D:8)
  8 hounds
  2 jellies
  3 orc priests
  Crazy Yiuf (D:2)
  5 iguanas
  8 orc wizards
  7 adders
  5 gnolls (D:8)
  3 shadow imps
  3 worms
  30 orcs
  3 bats
  7 endoplasms
  3 giant cockroaches
  7 goblins
  5 hobgoblins
  6 jackals
  4 quokkas
  9 ball pythons
  2 frilled lizards
  8 kobolds
  9 rats
169 creatures vanquished.

Notes
Turn   | Place    | Note
-------+----------+-------------------------------------------
     0 | D:1      | Leeroy the Tengu Warper began the quest for the Orb.
     0 | D:1      | Reached XP level 1. HP: 12/12 MP: 4/4
   225 | D:1      | Reached skill level 3 in Long Blades
   225 | D:1      | Reached XP level 2. HP: 17/17 MP: 6/6
   656 | D:2      | Reached XP level 3. HP: 21/21 MP: 7/7
   806 | D:2      | Reached skill level 4 in Long Blades
   849 | D:2      | Found a hide-covered altar of Uskayaw.
   864 | D:2      | Became a worshipper of Uskayaw the Reveller
  1002 | D:2      | Found a runed translucent door.
  1003 | D:2      | Noticed Crazy Yiuf
  1041 | D:2      | Reached * piety under Uskayaw
  1368 | D:2      | Reached ** piety under Uskayaw
  1369 | D:2      | Killed Crazy Yiuf
  1370 | D:2      | Reached XP level 4. HP: 12/26 MP: 8/8
  1603 | D:3      | Reached skill level 5 in Long Blades
  1920 | D:3      | Gained mutation: Your magical nature lets you fly swiftly
                  | and evasively. [Tengu growth]
  1920 | D:3      | Reached XP level 5. HP: 30/30 MP: 9/9
  1941 | D:3      | Found a hazy altar of Hepliaklqana.
  1948 | D:3      | Found a radiant altar of Vehumet.
  2357 | D:4      | Reached skill level 6 in Long Blades
  2466 | D:4      | Noticed Pikel
  2466 | D:4      | Noticed a lemure
  2466 | D:4      | Noticed a lemure
  2467 | D:4      | Noticed a lemure
  2467 | D:4      | Noticed a lemure
  2505 | D:3      | Killed Pikel
  2506 | D:3      | Reached skill level 9 in Long Blades
  2506 | D:3      | Reached XP level 6. HP: 3/35 MP: 10/10
  2506 | D:3      | Reached XP level 7. HP: 3/40 MP: 11/11
  2942 | D:4      | Reached *** piety under Uskayaw
  2943 | D:4      | Reached **** piety under Uskayaw
  2950 | D:4      | Reached ***** piety under Uskayaw
  2958 | D:4      | Reached XP level 8. HP: 23/44 MP: 12/12
  2977 | D:4      | Learned a level 2 spell: Blink
  2981 | D:4      | Learned a level 3 spell: Vhi's Electric Charge
  2986 | D:4      | Learned a level 4 spell: Manifold Assault
  3056 | D:4      | Reached skill level 10 in Long Blades
  3228 | D:4      | Found a shimmering blue altar of Sif Muna.
  3421 | D:4      | Reached skill level 11 in Long Blades
  3670 | D:4      | Found a glowing golden altar of the Shining One.
  3903 | D:4      | Found Zerell's Armour Shop.
  4412 | D:5      | Entered Level 5 of the Dungeon
  4431 | D:4      | Reached skill level 5 in Dodging
  4484 | D:5      | Found a staircase to the Ecumenical Temple.
  4842 | D:4      | Reached XP level 9. HP: 32/48 MP: 13/13
  5564 | D:5      | Reached skill level 1 in Air Magic
  5751 | D:5      | Found a large runed translucent door.
  5752 | D:5      | Found a large runed translucent door.
  5922 | D:5      | Found a stormy altar of Qazlal.
  5930 | D:5      | Found a bloodstained altar of Trog.
  6037 | D:6      | Noticed Menkaure
  6043 | D:6      | Killed Menkaure
  6193 | D:6      | Reached skill level 5 in Air Magic
  7144 | D:7      | Got the Catalogue of Transposition
  7254 | D:7      | Found a white marble altar of Elyvilon.
  7264 | D:7      | Noticed a troll
  7497 | D:7      | Found an ancient bone altar of Kikubaaqudgha.
  8204 | D:8      | Noticed a hornet
  8210 | D:8      | Killed a hornet
  8210 | D:8      | Noticed Maggie
  8211 | D:8      | Reached XP level 10. HP: 48/53 MP: 10/14
  8224 | D:8      | Killed Maggie
  8225 | D:8      | Reached skill level 5 in Translocations
  8313 | D:8      | Noticed Erica
  8332 | D:8      | Killed from afar by Erica

Illustrated notes

Levels and vault maps discovered:
D:1:      ncdulo_lavacross, layout_basic, st_stairs_9
D:2:      layout_loops_ring, basic_altar, uniq_crazy_yiuf_cottage
D:3:      layout_basic, mainiacjoe_overflow_big_doors
D:4:      layout_layer_cave, mainiacjoe_overflow_concentric_impassable,
          nicolae_tso_carved_into_rock, serial_shops, nicolae_shop_trees,
          minmay_a_box_with_orc_wizards_in_it, uniq_pikel
D:5:      layout_cave_pools, jmf_multi_god_temple2, minmay_temple_entry_glass,
          grunt_ministairs_10
D:6:      layout_gridville, kennysheep_small_circle, uniq_menkaure
D:7:      layout_gridville, kiku_gazebo_pond_becter, elyvilon_altar_5
D:8:      layout_basic, lemuel_crystal_altar, enter_ossuary_2, uniq_maggie,
          uniq_erica

Skill      XL: |  1  2  3  4  5  6  7  8  9 10 |
---------------+-------------------------------+-----
Long Blades    | 3 4 5 9 11 | 11.1
Dodging        | 5 7 |  7.1
Air Magic      | 7 |  7.1
Translocations | 4 5 |  5.8
Fighting       | |  2.0
Throwing       | |  1.0
Armour         | |  1.1
Spellcasting   | |  2.0

Action                   |  1- 3 |  4- 6 |  7- 9 | 10-12 || total
-------------------------+-------+-------+-------+-------++-------
Melee: Falchion          |    56 |       |     3 |       ||    59
       Peck              |     7 |    11 |    61 |    13 ||    92
       Kick              |    11 |    24 |   107 |    16 ||   158
       Long sword        |    19 |    85 |   241 |       ||   345
       Punch             |     1 |       |     4 |       ||     5
       Spear             |       |       |    40 |       ||    40
       Dagger            |       |       |    75 |    47 ||   122
Throw: Boomerang         |       |     1 |     2 |       ||     3
 Cast: Vhi's Electric Ch |       |       |     4 |     5 ||     9
       Blink             |       |       |     1 |       ||     1
Invok: Stomp             |       |       |     1 |       ||     1
  Use: Scroll            |       |       |     4 |       ||     4
       Potion            |       |       |     1 |     2 ||     3
 Stab: Paralysed         |       |       |    12 |     3 ||    15
Armor: Leather armour    |     5 |       |       |       ||     5
       Ring mail         |    13 |    32 |    94 |     1 ||   140
       Acid dragon scale |       |       |       |     7 ||     7
       Skin              |       |       |       |     3 ||     3
Dodge: Dodged            |    35 |    48 |   242 |    29 ||   354

Table legend: (Time is in decaauts)
 A = Elapsed time spent in this place.
 B = Non-inter-level travel time spent in this place.
 C = Inter-level travel time spent in this place.
 D = Time resting spent in this place.
 E = Time spent auto-exploring this place.
 F = Levels seen in this place.
 G = Mean time per level.
                   A        B        C        D        E       F      G
               +--------+--------+--------+--------+--------+-----+--------+
         Total |   7910 |   7583 |    327 |    953 |   5373 |   8 |  988.8 |
       Dungeon |   7910 |   7583 |    327 |    953 |   5373 |   8 |  988.8 |
               +--------+--------+--------+--------+--------+-----+--------+

Top non-repeatable levels by time:
     D:4: 2228 daAuts
     D:3: 1225 daAuts
     D:6: 1029 daAuts
     D:7: 1015 daAuts
     D:5: 829 daAuts
     D:2: 807 daAuts
     D:1: 658 daAuts
     D:8: 115 daAuts
